 Dungeon Crawl Stone Soup version 0.30-a0-715-gdb4ae3ece1 (webtiles) character file.

Game seed: 18028504623197905403

2403 jlumianski the Chopper (level 9, -2/67 HPs)
             Began as a Demonspawn Fighter on Jan 24, 2023.
             Was a Follower of Qazlal.
             Killed from afar by an electric eel (9 damage)
             ... with a bolt of electricity
             ... on level 7 of the Dungeon.
             The game lasted 00:23:22 (6011 turns).

jlumianski the Chopper (Demonspawn Fighter)         Turns: 6011, Time: 00:23:22

Health: -2/67      AC: 14    Str: 22    XL:     9   Next: 23%
Magic:  13/13      EV: 15    Int: 11    God:    Qazlal [*.....]
Gold:   4          SH: 11    Dex: 18    Spells: 8/8 levels left

rFire   + . .      SeeInvis .    a - +1 war axe
rCold   + . .      Faith    .    c - +0 buckler
rNeg    . . .      Spirit   .    y - +4 scale mail of Wisdom {Harm Int+2}
rPois   .          Reflect  .    w - +2 helmet
rElec   .          Harm     +    t - scarf {rC+ rF+}
rCorr   .          Rampage  .    (no gloves)
Will    .....                    (no boots) Stlth
                                 (no amulet)
HPRegen 0.31/turn                B - +6 ring of dexterity
MPRegen 0.13/turn                (no ring)

@: agile
A: hooves 1, large bone plates 1, foul stench 1, powered by pain 2
a: Renounce Religion


You were on level 7 of the Dungeon.
You worshipped Qazlal.
Qazlal was aware of your devotion.
You visited 2 branches of the dungeon, and saw 8 of its levels.

You collected 366 gold pieces.
You spent 362 gold pieces at shops.

Inventory:

Hand Weapons
 a - a +1 war axe (weapon)
 p - a +0 club
 r - a +0 whip of freezing
 v - a +1 battleaxe of freezing
 H - a +5 battleaxe of freezing
Missiles
 m - 11 boomerangs (quivered)
 n - 64 stones
 s - 9 poisoned darts
 C - a throwing net
Armour
 b - a +0 scale mail
 c - a +0 buckler (worn)
 t - a scarf of resistance (worn)
 w - a +2 helmet (worn)
 x - a +0 cloak
 y - the +4 scale mail of Wisdom (worn) {Harm Int+2}
   (You found it on level 2 of the Dungeon)

   Int:       It affects your intelligence (+2).
   Harm:      It increases damage dealt and taken.
Magical Staves
 j - a staff of air
 F - a staff of poison
Jewellery
 B - a +6 ring of dexterity (left hand)
Wands
 E - a wand of mindburst (12)
Scrolls
 g - 4 scrolls of fear
 i - 4 scrolls of teleportation
 o - a scroll of enchant weapon
 q - a scroll of blinking
 A - a scroll of amnesia
 D - a scroll of fog
 G - a scroll of magic mapping
Potions
 d - 3 potions of might
 e - 7 potions of curing
 f - a potion of mutation
 h - a potion of attraction
 k - a potion of invisibility
 l - a potion of cancellation
 u - a potion of degeneration
 z - 3 potions of heal wounds


   Skills:
 + Level 4.9 Fighting
 + Level 7.7 Axes
 + Level 1.6 Throwing
 + Level 5.4 Armour
 + Level 2.4 Dodging
 + Level 3.8 Shields
 * Level 5.9 Invocations


You had 8 spell levels left.
You didn't know any spells.
Your spell library contained the following spells:

 Spells                   Type           Power      Damage    Failure   Level
 Freeze                   Ice            0%         1d3       75%         1
 Blink                    Tloc           0%         N/A       86%         2
 Lesser Beckoning         Tloc           0%         N/A       86%         2
 Momentum Strike          Conj/Tloc      0%         3d8       86%         2
 Scorch                   Fire           0%         2d5       86%         2
 Frozen Ramparts          Ice            0%         1d1       98%         3
 Hailstorm                Conj/Ice       0%         3d3       98%         3
 Vhi's Electric Charge    Tloc/Air       0%         N/A       98%         3
 Flame Wave               Conj/Fire      0%         2d4       100%        4
 Arcjolt                  Conj/Air       0%         1d10      100%        5
 Summon Cactus Giant      Summ           0%         N/A       100%        6
 Maxwell's Capacitive Co  Air            0%         ∞         100%        8


Dungeon Overview and Level Annotations

Branches:
Dungeon (7/15)             Temple (1/1) D:4

Altars:
Ashenzari
Cheibriados
Gozag
Hepliaklqana
Kikubaaqudgha
Makhleb
Nemelex Xobeh
Okawaru
Qazlal
Ru
Sif Muna
Trog
Uskayaw
Vehumet
Wu Jian
Yredelemnul

Shops:
D:5 !   D:7 ?


Innate Abilities, Weirdness & Mutations

You have large cloven feet.
You are partially covered in large bone plates. (SH +4)
You may rarely emit foul miasma when damaged in melee.
You sometimes gain power by taking damage.


Message History

Found a stone staircase leading down.
The phantom barely misses you.
You slash the phantom!
The phantom is severely damaged.
The phantom closely misses you.
You slash the phantom!
You destroy the phantom!
Qazlal accepts your kill.
The electric eel shoots out a bolt of lightning at you!
The bolt of electricity hits you.
The electric eel shoots out a bolt of lightning at you!
The bolt of electricity hits you!
You focus on the pain.
You feel agile all of a sudden.
The electric eel shoots out a bolt of lightning at you!
The bolt of electricity misses you.
The electric eel shoots out a bolt of lightning at you!
The bolt of electricity hits you.
There is a stone staircase leading up here.
The electric eel shoots out a bolt of lightning at you!
The bolt of electricity hits you! The bolt of electricity misses you.
The bolt of electricity hits the electric eel.
The electric eel completely resists.
The electric eel shoots out a bolt of lightning at you!
The bolt of electricity misses you. The bolt of electricity hits you.
You miss the electric eel.
The electric eel shoots out a bolt of lightning at you!
The bolt of electricity hits you!
* * * LOW HITPOINT WARNING * * *
The bolt of electricity hits you!
* * * LOW HITPOINT WARNING * * *
You focus on the pain.
You feel more agile all of a sudden.
You hit the electric eel but do no damage.
You kick the electric eel!
The electric eel is heavily wounded.
You miss the electric eel.
The electric eel is heavily wounded.
The electric eel shoots out a bolt of lightning at you!
The bolt of electricity hits you!
You die...

#♣♣ ~~♣ ♣
♣~~ ~P ♣~~
~P~ ~P ~~~~
#♣♣~♣~P~~P
###~♣~~~~~~~
#..@S♣
#.##.♣♣ #
##<♣ #.# #.#
#.# #.# #.#
...


You could see an electric eel.

Vanquished Creatures
  Pikel (D:4)
  Sigmund (D:5)
  A water moccasin (D:6)
  A sky beast (D:6)
  A black bear (D:5)
  2 ogres
  A centaur (D:6)
  A phantom (D:7)
  Blork the orc (D:5)
  A bullfrog (D:6)
  2 necrophages
  2 scorpions
  4 wights (D:6)
  A howler monkey (D:6)
  2 jellies (D:3)
  4 hounds
  An orc priest (D:4)
  3 iguanas (D:5)
  3 orc wizards
  3 gnolls (D:5)
  7 adders
  2 white imps (D:6)
  An ufetubus (D:5)
  2 dart slugs
  16 orcs
  8 bats
  17 endoplasms
  6 giant cockroaches
  13 goblins
  6 hobgoblins
  11 jackals
  A quokka (D:2)
  9 ball pythons
  A frilled lizard (D:1)
  18 kobolds
  3 rats
157 creatures vanquished.

Vanquished Creatures (others)
  A wizard (D:4)
  3 fungi (D:3)
  6 plants
  10 toadstools (D:3)
20 creatures vanquished.

Grand Total: 177 creatures vanquished

Notes
Turn   | Place    | Note
-------+----------+-------------------------------------------
     0 | D:1      | jlumianski the Demonspawn Fighter began the quest for the
                  | Orb.
     0 | D:1      | Reached XP level 1. HP: 18/18 MP: 1/1
    39 | D:1      | Gained mutation: You may rarely emit foul miasma when
                  | damaged in melee. [demonic ancestry]
    39 | D:1      | Reached XP level 2. HP: 23/24 MP: 2/2
    68 | D:1      | Reached skill level 2 in Axes
   219 | D:1      | Found a faded altar of an unknown god.
   342 | D:2      | Reached XP level 3. HP: 29/29 MP: 3/3
   626 | D:3      | Gained mutation: You sometimes gain a little power by
                  | taking damage. [demonic ancestry]
   626 | D:3      | Reached XP level 4. HP: 10/35 MP: 4/4
  1276 | D:2      | Reached skill level 3 in Axes
  1281 | D:2      | Identified the +4 scale mail of Wisdom {Harm Int+2}
  1556 | D:3      | Gained mutation: You have large cloven feet. [demonic
                  | ancestry]
  1556 | D:3      | Reached XP level 5. HP: 40/41 MP: 5/5
  2344 | D:4      | Reached skill level 4 in Axes
  2344 | D:4      | Reached XP level 6. HP: 48/48 MP: 6/6
  2397 | D:4      | Found a hazy altar of Hepliaklqana.
  2463 | D:4      | Found a staircase to the Ecumenical Temple.
  2483 | Temple   | Entered the Ecumenical Temple
  2535 | Temple   | Became a worshipper of Qazlal Stormbringer
  2756 | D:4      | Reached skill level 1 in Invocations
  2763 | D:5      | Entered Level 5 of the Dungeon
  2786 | D:5      | Reached skill level 1 in Dodging
  2786 | D:5      | Found an opulent altar of Gozag.
  3096 | D:4      | Found a bloodstained altar of Trog.
  3097 | D:4      | Noticed a wizard
  3102 | D:4      | Killed a wizard
  3205 | D:5      | Found Jugant's Distillery.
  3209 | D:5      | Bought a potion of heal wounds for 50 gold pieces
  3209 | D:5      | Bought a potion of might for 40 gold pieces
  3209 | D:5      | Bought a potion of heal wounds for 50 gold pieces
  3209 | D:5      | Bought a potion of invisibility for 80 gold pieces
  3514 | D:5      | Gained mutation: You sometimes gain power by taking damage.
                  | [demonic ancestry]
  3514 | D:5      | Reached XP level 7. HP: 54/54 MP: 8/8
  3525 | D:5      | Noticed Pikel
  3625 | D:4      | Killed Pikel
  3626 | D:4      | Reached skill level 5 in Axes
  3717 | D:4      | Reached XP level 8. HP: 46/60 MP: 10/10
  3827 | D:5      | Noticed Blork the orc
  3837 | D:5      | Killed Blork the orc
  3862 | D:6      | Reached skill level 6 in Axes
  4396 | D:5      | Reached skill level 5 in Armour
  4615 | D:5      | Noticed Sigmund
  4622 | D:5      | Killed Sigmund
  4623 | D:5      | Reached skill level 1 in Throwing
  5038 | D:6      | Reached skill level 7 in Axes
  5038 | D:6      | Reached skill level 5 in Invocations
  5402 | D:6      | Reached * piety under Qazlal
  5406 | D:6      | Gained mutation: You are partially covered in large bone
                  | plates. (SH +4) [demonic ancestry]
  5406 | D:6      | Reached XP level 9. HP: 27/66 MP: 11/13
  5569 | D:7      | Found Kostin's Magic Scroll Shop.
  5608 | D:7      | Bought a scroll of identify for 30 gold pieces
  5608 | D:7      | Bought a scroll of magic mapping for 112 gold pieces
  5638 | D:6      | Found a sacrificial altar of Ru.
  6011 | D:7      | Killed from afar by an electric eel

Illustrated notes

Levels and vault maps discovered:
D:1:      ncdulo_wetmaze, layout_basic, shapermc_ecumenical_altar_petra
D:2:      layout_rooms, minmay_small_reverse_x
D:3:      cheibrodos_fertilizer, layout_basic, palyth_stone_intersect
D:4:      layout_basic, kennysheep_mini, trog_wizard,
          minmay_temple_entry_water_ring, st_stairs_12
D:5:      layout_basic, jmf_multi_god_temple, serial_rivers,
          chequers_serial_rivers_micro_d, chequers_serial_rivers_micro_c,
          chequers_serial_rivers_micro_a, chequers_serial_rivers_micro_d,
          serial_shops, nicolae_shop_trees, serial_bayou_pond_d,
          minmay_misc_feat_alley, water_maze_lemuel, uniq_sigmund, uniq_pikel,
          uniq_blork_the_orc
D:6:      layout_cave_pods, lemuel_crystal_altar
D:7:      cheibrodos_fzero, layout_loops_ring, serial_shops,
          nicolae_square_shop, serial_bayou_lake_a
Temple:   zaba_magenta_temple

Skill      XL: |  1  2  3  4  5  6  7  8 |
---------------+-------------------------+-----
Axes           | 2 3 4 5 7 |  7.7
Armour         | 3 4 5 |  5.4
Shields        | 3 |  3.8
Invocations    | 1 3 5 |  5.9
Dodging        | 1 2 |  2.4
Fighting       | 4 |  4.9
Throwing       | 1 |  1.6

Action                     |  1- 3 |  4- 6 |  7- 9 || total
---------------------------+-------+-------+-------++-------
  Melee: War axe           |   106 |   217 |   145 ||   468
         Kick              |       |    24 |    41 ||    65
  Throw: Boomerang         |       |    10 |     2 ||    12
         Dart              |       |       |    13 ||    13
    Use: Scroll            |       |    13 |     3 ||    16
         Potion            |       |     3 |     2 ||     5
 Armour: Scale mail        |    66 |   115 |    77 ||   258
  Dodge: Dodged            |    60 |    99 |    77 ||   236
  Block: Buckler           |    26 |    34 |    43 ||   103

Table legend: (Time is in decaauts)
 A = Elapsed time spent in this place.
 B = Non-inter-level travel time spent in this place.
 C = Inter-level travel time spent in this place.
 D = Time resting spent in this place.
 E = Time spent auto-exploring this place.
 F = Levels seen in this place.
 G = Mean time per level.
                   A        B        C        D        E       F      G
               +--------+--------+--------+--------+--------+-----+--------+
         Total |   6175 |   5980 |    195 |    162 |   3352 |   8 |  771.9 |
       Dungeon |   6100 |   5905 |    195 |    162 |   3352 |   7 |  871.4 |
        Temple |     74 |     74 |      0 |      0 |      0 |   1 |   74.0 |
               +--------+--------+--------+--------+--------+-----+--------+

Top non-repeatable levels by time:
     D:5: 1629 daAuts
     D:3: 1145 daAuts
     D:4: 1018 daAuts
     D:6: 961 daAuts
     D:2: 649 daAuts
     D:1: 614 daAuts
     D:7: 81 daAuts
  Temple: 74 daAuts
